Map: Thunderbird LE

Players

Serral

  • Race: Zerg Zerg
  • League: Master
  • Spawn Location: 11:00

lIIllllIIlll (INnoVation) - Winner!

  • Race: Terran Terran
  • League: Master
  • Spawn Location: 5:00

Event: HomeStory Cup XX

VOD

Have the link to the VOD?

Description

Time

  • Played on: Nov. 24, 2019, 8:09 a.m.
  • Length: 10:34

All games in this series

Show
View Real Time Build Order
Export as new Build Order

Serral Zerg 

Build Orders: Hatch First 

Get SALT Encoding   

  12  0:00  Drone  
  13  0:12  Overlord  
  13  0:16  Drone  
  14  0:30  Drone x2  
  16  0:48  Hatchery  
  15  0:51  Drone  
  15  0:54  Drone  
  17  0:58  Drone  
  18  1:09  Extractor  
  17  1:13  Spawning Pool  
  17  1:16  Drone  
  17  1:20  Drone  
  18  1:28  Drone  
  19  1:38  Drone  
  20  1:50  Overlord  
  20  2:00  Queen x2  
  20  2:01  Zergling x4  
  26  2:11  Drone x2  
  26  2:12  Metabolic Boost  
  28  2:22  Drone x2  
  30  2:34  Hatchery  
  28  2:38  Drone  
  28  2:44  Drone  
  30  2:46  Queen  
  32  2:52  Overlord  
  32  2:54  Drone  
  32  2:56  Drone  
  34  2:58  Drone  
  34  3:04  Zergling x2  
  36  3:10  Drone  
  37  3:13  Pneumatized Carapace  
  37  3:14  Drone x2  
  37  3:15  Drone  
  40  3:20  Overlord  
  40  3:22  Drone  
  40  3:25  Queen  
  43  3:33  Drone  
  44  3:34  Overlord  
  44  3:41  Drone x3  
  47  3:47  Zergling x2, Queen  
  50  3:48  Zergling x2  
  50  3:49  Drone  
  50  3:51  Drone  
  50  3:52  Drone  
  54  3:59  Drone  
  54  4:01  Queen  
  57  4:04  Drone, Overlord  
  57  4:05  Drone  
  57  4:07  Drone  
  57  4:08  Drone  
  61  4:11  Drone  
  61  4:12  Drone  
  61  4:15  Evolution Chamber  
  62  4:17  Evolution Chamber  
  62  4:18  Drone  
  62  4:19  Drone  
  62  4:20  Drone  
  62  4:23  Overlord  
  64  4:26  Drone  
  64  4:28  Drone  
  66  4:31  Drone x2  
  66  4:34  Extractor, Drone x3  
  66  4:35  Extractor  
  69  4:43  Zerg Melee Weapons Level 1, Zerg Ground Armor Level 1, Drone x2  
  71  4:46  Overlord  
  71  4:54  Hatchery, Drone  
  71  4:56  Zergling x2  
  71  4:57  Drone  
  71  4:59  Drone x2  
  75  5:02  Zergling x4  
  76  5:08  Lair  
  76  5:09  Overlord x2  
  76  5:15  Drone x4, Baneling Nest  
  76  5:18  Drone x2  
  81  5:22  Extractor, Drone  
  81  5:23  Zergling x2  
  81  5:24  Zergling x4  
  81  5:27  Zergling x6  
  87  5:32  Overlord  
  87  5:35  Extractor, Drone x2  
  88  5:36  Overlord  
  88  5:38  Zergling x2  
  89  5:43  Zergling x10  
  89  5:49  Zergling x4  
  96  5:53  Zergling x2  
  96  5:54  Zergling x6  
  100  5:59  Baneling x8  
  100  6:00  Zergling x2  
  101  6:05  Zergling x10  
  101  6:06  Queen  
  101  6:07  Centrifical Hooks  
  101  6:11  Hydralisk Den  
  107  6:17  Overlord  
  105  6:20  Drone x5  
  105  6:24  Drone x6  
  114  6:31  Drone  
  114  6:32  Overlord  
  114  6:33  Zergling x4, Spore Crawler  
  114  6:34  Baneling x2  
  114  6:35  Baneling x2  
  114  6:38  Zergling x10  
  120  6:42  Muscular Augments  
  120  6:43  Zerg Melee Weapons Level 2  
  120  6:49  Zerg Ground Armor Level 2  
  120  6:53  Drone x5  
  120  6:54  Drone  
  126  6:56  Overlord x2  
  126  7:06  Baneling x2  
  126  7:07  Baneling x2  
  126  7:10  Drone  
  126  7:11  Infestation Pit, Drone  
  126  7:12  Drone x3  
  126  7:13  Extractor  
  128  7:16  Hydralisk x3  
  128  7:18  Zergling x14  
  128  7:19  Baneling x2  
  128  7:20  Baneling  
  128  7:22  Baneling  
  139  7:26  Hatchery  
  139  7:27  Zergling x8  
  142  7:30  Baneling x4  
  142  7:34  Overlord x2  
  140  7:38  Overlord  
  140  7:43  Zergling x2  
  140  7:44  Zergling x6  
  136  7:50  Hive, Overlord x5  
  135  7:54  Grooved Spines  
  135  7:57  Hydralisk x4  
  143  8:05  Zergling x18  
  152  8:06  Baneling x5  
  152  8:08  Zergling x6  
  154  8:14  Baneling x5  
  154  8:17  Drone  
  154  8:19  Zergling x4  
  157  8:20  Hatchery  
  156  8:29  Baneling x10  
  156  8:31  Zergling x16  
  164  8:36  Drone x2  
  164  8:37  Zergling x2  
  164  8:40  Baneling x6  
  165  8:43  Zergling x10  
  165  8:47  Zergling x12  
  173  8:52  Zergling x8  
  177  8:55  Baneling  
  177  8:56  Baneling x10  
  177  8:57  Zergling x8  
  177  8:59  Queen  
  177  9:00  Zergling x2  
  184  9:05  Baneling x6  
  184  9:07  Baneling  
  184  9:10  Zergling x12  
  184  9:12  Zergling x2  
  184  9:15  Baneling x6  
  190  9:20  Baneling x2  
  188  9:24  Zergling x18  
  152  9:32  Zergling x2  
  152  9:33  Zergling x18  
  139  9:38  Baneling x10  
  139  9:39  Hydralisk x2  
  139  9:40  Zergling x2  
  144  9:46  Zergling x16  
  144  9:47  Zergling x4  
  144  9:51  Zergling x4  
  148  9:56  Baneling x6  
  148  9:57  Zergling x8  
  145  10:04  Zergling x6  
Show
View Real Time Build Order
Export as new Build Order

lIIllllIIlll Terran - Winner!

Build Orders: Reaper Expand 

Get SALT Encoding   

  12  0:00  SCV  
  13  0:12  SCV  
  14  0:16  Supply Depot  
  14  0:24  SCV  
  15  0:38  SCV  
  15  0:39  Barracks  
  15  0:42  Refinery  
  16  0:50  SCV  
  17  1:02  SCV  
  18  1:14  SCV  
  19  1:25  Reaper  
  19  1:26  Orbital Command  
  20  1:38  Command Center  
  20  1:48  Supply Depot  
  20  1:52  SCV  
  21  1:57  Marine  
  22  2:04  SCV  
  22  2:06  Factory  
  23  2:16  SCV  
  23  2:19  Barracks Reactor  
  24  2:28  SCV  
  25  2:37  Command Center  
  25  2:40  SCV  
  26  2:50  Orbital Command  
  26  2:52  SCV  
  27  2:59  Hellion x2  
  27  3:01  Barracks Tech Lab  
  27  3:04  SCV  
  32  3:08  Refinery  
  32  3:16  SCV x2  
  34  3:20  Stimpack  
  34  3:22  Marine  
  35  3:29  Barracks  
  35  3:30  Factory Reactor, SCV x2  
  37  3:36  Barracks  
  37  3:41  Marine  
  38  3:42  SCV x2  
  40  3:49  Orbital Command  
  40  3:54  SCV x2  
  42  3:56  Engineering Bay  
  42  3:59  Engineering Bay  
  42  4:05  Marine  
  42  4:06  SCV x2  
  45  4:15  Starport  
  45  4:18  SCV x2  
  45  4:21  Orbital Command  
  45  4:23  Factory Reactor  
  47  4:29  Refinery x2  
  47  4:30  SCV x2  
  48  4:32  Terran Infantry Armor Level 1  
  48  4:34  Terran Infantry Weapons Level 1  
  48  4:35  Marine x3, Supply Depot  
  48  4:37  Marine  
  48  4:38  Marine  
  52  4:42  SCV x2  
  55  4:48  SCV  
  56  4:55  SCV x2  
  56  4:58  Supply Depot  
  58  5:00  Supply Depot  
  58  5:02  SCV  
  58  5:04  Factory Tech Lab  
  58  5:06  Medivac  
  58  5:07  Medivac, SCV x2  
  64  5:09  Marine  
  64  5:12  Marine, Barracks x2  
  67  5:18  SCV  
  67  5:19  SCV  
  67  5:20  SCV  
  70  5:22  Supply Depot  
  70  5:23  Marine x2  
  70  5:24  Marine  
  70  5:27  Marine, Siege Tank  
  77  5:33  SCV  
  77  5:34  Combat Shield  
  77  5:35  SCV x2  
  80  5:40  Armory  
  80  5:42  Supply Depot  
  80  5:46  Supply Depot, SCV  
  80  5:47  SCV x2  
  83  5:51  Barracks  
  83  5:54  Barracks  
  83  5:56  Marine x2  
  83  5:57  Marine  
  85  5:58  Marine  
  85  6:00  Barracks Reactor x2  
  85  6:04  Siege Tank  
  90  6:08  SCV x2  
  90  6:09  SCV  
  93  6:11  Supply Depot  
  93  6:14  Marine x3  
  93  6:15  Marine  
  93  6:16  Marine  
  98  6:24  Supply Depot  
  98  6:27  SCV x2  
  98  6:28  SCV  
  98  6:30  Terran Infantry Weapons Level 2, Supply Depot, Terran Infantry Armor Level 2  
  98  6:32  Marine  
  102  6:38  Marine x4, Barracks Reactor  
  106  6:40  Supply Depot  
  106  6:43  Barracks Reactor  
  106  6:44  Marine x4  
  110  6:48  Supply Depot  
  110  6:52  Supply Depot, Siege Tank  
  113  6:56  Marine x3  
  116  7:01  Medivac  
  116  7:03  Supply Depot  
  118  7:12  Marine  
  118  7:14  Marine  
  120  7:20  Marine x11  
  128  7:24  Medivac  
  128  7:29  Siege Tank  
  133  7:30  Marine  
  133  7:31  Medivac  
  133  7:32  Marine  
  137  7:38  Marine x3  
  137  7:39  Marine  
  137  7:44  Marine x7  
  132  7:48  Marine  
  132  7:50  Marine  
  141  7:54  Medivac  
  141  7:55  Marine  
  141  7:56  Marine x2  
  141  7:57  Marine  
  147  8:01  Marine, Medivac, Supply Depot x2  
  147  8:02  Marine  
  147  8:03  Siege Tank  
  152  8:10  Marine  
  152  8:12  Marine  
  152  8:13  Marine  
  152  8:14  Marine x2  
  152  8:15  Marine x5  
  152  8:19  Marine  
  162  8:23  Marine  
  162  8:24  Medivac  
  162  8:25  Marine  
  166  8:28  Marine  
  166  8:30  Marine  
  166  8:31  Marine, Medivac  
  171  8:34  Marine x7  
  171  8:35  Siege Tank  
  181  8:46  Marine x2, Supply Depot  
  181  8:48  Marine  
  181  9:07  Marine x4  
  181  9:08  Medivac x2  
  189  9:16  Supply Depot  
  189  9:25  Marine  
  189  9:26  Marine x7, Supply Depot  
  189  9:27  Marine x2  
  189  9:28  Marine x3  
  189  9:29  Siege Tank  
  166  9:42  Medivac  
  166  9:43  Marine, Medivac  
  166  9:44  Marine x7  
  166  9:45  Marine  
  179  9:46  Marine x3  
  179  9:50  Marine  
  177  10:01  Marine x2  
Tags
 
Add a new tag
Caveats
  • Supply blocks, unpowered buildings, or Contaminate may cause inaccurate times.
  • Supply counts are checked every 10 seconds.